 Dungeon Crawl Stone Soup version 0.31-a0-152-g6aa68a64a1 (webtiles) character file.

Game seed: 15931677146272688

85 qw the Shooter (level 4, -2/28 HPs)
             Began as a Gargoyle Hunter on June 8, 2023.
             Slain by a worm (6 damage)
             ... on level 2 of the Dungeon.
             The game lasted 00:00:30 (1066 turns).

qw the Shooter (Gargoyle Hunter)                    Turns: 1066, Time: 00:00:30

Health: -2/28      AC:  6    Str: 14    XL:     4   Next: 48%
Magic:  4/4        EV: 11    Int: 10    God:
Gold:   114        SH:  0    Dex: 15    Spells: 3/3 levels left

rFire   . . .        Y - +0 shortbow
rCold   . . .        (shield currently unavailable)
rNeg    + . .        c - +0 leather armour
rPois   inf          (no helmet)
rElec   +            (no cloak)
rCorr   .            (no gloves)
SInv    .            (no boots)
Will    .....        d - amulet of faith
Stlth   ++           (no ring)
HPRegen 0.24/turn    (no ring)
MPRegen 0.09/turn

%: faith
@: slowed, very slow
A: sickness immunity, AC +3, negative energy resistance 1, electricity
resistance, torment resistance 1, petrification resistance
a: no special abilities


You were on level 2 of the Dungeon.
You visited 1 branch of the dungeon, and saw 2 of its levels.

You collected 114 gold pieces.


Innate Abilities, Weirdness & Mutations

You are immune to sickness and miasma.
Your stone body is resilient. (AC +3)
You are immune to poison.
You resist negative energy. (rN+)
You are resistant to electric shocks. (rElec)
You are resistant to unholy torment.
You are immune to petrification.


   Skills:
 - Level 3.1 Fighting
 + Level 5.3 Ranged Weapons
 - Level 1.5 Dodging
 - Level 1.1 Stealth


You had 3 spell levels left.
You didn't know any spells.
Your spell library was empty.

Inventory:

Hand Weapons
 Y - a +0 shortbow (weapon)
Armour
 c - a +0 leather armour (worn)
 h - a +0 ring mail
Jewellery
 d - an amulet of faith (around neck)
Scrolls
 a - a scroll of fear {unknown}
 g - a scroll of immolation {unknown}
Potions
 b - a potion of degeneration {unknown}
 e - a potion of cancellation {unknown}
 f - 3 potions of curing

Dungeon Overview and Level Annotations

Branches:
Dungeon (2/15)

Altars:


Message History

Natasha is heavily wounded.
Natasha casts a spell at you.
You feel as though you will be slow longer.
The worm bites you.
You shoot an arrow. The arrow barely misses Natasha.
Natasha closely misses you.
Natasha stares at you and mumbles some strange words.
You feel as though you will be slow longer.
The worm barely misses you.
You shoot an arrow. The arrow completely misses Natasha.
Natasha barely misses you. The worm closely misses you.
Natasha casts a spell.
You shoot an arrow. The arrow hits Natasha.
Natasha is almost dead.
Natasha casts a spell.
The cerulean imp completely misses you. The worm barely misses you.
Natasha claws you but does no damage.
You shoot an arrow. The arrow closely misses Natasha.
The cerulean imp hits you but does no damage.
Natasha claws you.
The cerulean imp hits you with a +1 spear. x2
The worm completely misses you.
You shoot an arrow. The arrow hits Natasha!
You kill Natasha!
Natasha screams in fury as she dies!
The cerulean imp disappears in a puff of smoke! x2
The worm bites you.
You shoot an arrow. The arrow hits the worm.
The worm is lightly wounded.
The worm barely misses you.
You shoot an arrow. The arrow barely misses the worm.
The worm barely misses you.
You shoot an arrow. The arrow hits the worm.
The worm is lightly wounded.
The worm closely misses you.
You shoot an arrow.
The arrow hits the worm but does no damage.
The worm is lightly wounded.
The worm bites you.
You die...

#####.............
#................
#.##............
#.<..........
#...........
#.###+##### # #.#
#.###.#.#
.......@#
?......w.......
.............$.
...............
..)............
############### ##
#. #.


You could see a worm.

Vanquished Creatures
  Natasha (D:2)
  2 adders (D:2)
  3 endoplasms
  2 giant cockroaches (D:1)
  6 goblins
  2 hobgoblins (D:1)
  5 jackals
  3 kobolds
  A quokka (D:2)
  5 ball pythons
  5 bats
  A frilled lizard (D:1)
  3 rats
39 creatures vanquished.

Notes
Turn   | Place    | Note
-------+----------+-------------------------------------------
     0 | D:1      | qw the Gargoyle Hunter began the quest for the Orb.
     0 | D:1      | Reached XP level 1. HP: 12/12 MP: 1/1
     0 | D:1      | 0 ||| qw: Version: 0.2-a-120-gdf1a93b
     0 | D:1      | 0 ||| qw: Game counter: 3134
     0 | D:1      | 0 ||| qw: Always use a shield: true
     0 | D:1      | 0 ||| qw: God list: Okawaru
     0 | D:1      | 0 ||| qw: Allow faded altars: false
     0 | D:1      | 0 ||| qw: Do Orc after D:15 true
     0 | D:1      | 0 ||| qw: Do second Lair branch before Depths: true
     0 | D:1      | 0 ||| qw: Lair rune preference: random
     0 | D:1      | 0 ||| qw: Plans: Normal
     0 | D:1      | 0 ||| PLANNING D:1-11
   112 | D:1      | Reached XP level 2. HP: 17/17 MP: 2/2
   514 | D:1      | Reached XP level 3. HP: 21/21 MP: 3/3
   515 | D:1      | Found a faded altar of an unknown god.
   557 | D:1      | Reached skill level 5 in Ranged Weapons
   640 | D:1      | 640 ||| UPGRADING to amulet of faith.
   645 | D:1      | 645 ||| READING scroll labelled UGUBLE LIFFUXECAPP.
   648 | D:1      | 648 ||| DRINKING 4 murky clear potions.
   649 | D:1      | 649 ||| DROPPING scroll of butterflies.
   814 | D:2      | Identified the +2 great sword of Fear {flame, *Rage rElec
                  | rC++}
   835 | D:2      | Reached skill level 3 in Fighting
   894 | D:2      | Reached XP level 4. HP: 28/28 MP: 4/4
  1052 | D:2      | Noticed Natasha
  1062 | D:2      | Killed Natasha
  1062 | D:2      | HP: 2/28 [worm (6)]
  1066 | D:2      | Slain by a worm

Levels and vault maps discovered:
D:1:      minmay_arrival_hallway, layout_basic,
          shapermc_ecumenical_altar_notcrosses, kennysheep_crisscross
D:2:      layout_basic, minmay_circled_x, uniq_natasha

Skill      XL: |  1  2  3 |
---------------+----------+-----
Ranged Weapons | 5 |  5.3
Fighting       | 3 |  3.1
Dodging        | |  1.5
Stealth        | |  1.1

Action                     |  1- 3 |  4- 6 || total
---------------------------+-------+-------++-------
   Fire: Shortbow          |   115 |    17 ||   132
    Use: Scroll            |     1 |       ||     1
         Potion            |     1 |       ||     1
 Armour: Leather armour    |    31 |     2 ||    33
  Dodge: Dodged            |    61 |    12 ||    73

Table legend:
 A = Non-vault XP
 B = Vault XP
 C = Vault XP percentage of total XP
 D = Non-vault monster count
 E = Vault monster count
 F = Vault count percentage of total count
                 A         B        C        D         E       F
            +---------+---------+-------+---------+---------+-------
      Total |      80 |      42 |  34.4 |      34 |       5 |  12.8
            +---------+---------+-------+---------+---------+-------
        D:1 |      43 |       0 |   0.0 |      25 |       0 |   0.0
        D:2 |      37 |      42 |  53.2 |       9 |       5 |  35.7
            +---------+---------+-------+---------+---------+-------
